AoeStats
← eliasdp

QS Arena

503201099Analyzed
1v1 RM · 11d ago on Aug 30, 2026· 57m 29s· 2 players
Game mode
Random Map
Map size
Tiny (2 player)
Population
200
Speed
Normal
Resources
Standard
Victory
Conquest
Starting age
Dark Age
Ending age
Imperial Age
RankedLock teamsTeams togetherTeam positionsShared explorationLock speedFull tech treeHidden civsTurbo modeCheats
Victory
Defeat
🇳🇿 Huns · New Zealand
343
+6
🇪🇸 Spanish · Spain
79
-6
eliasdp
10:27 Feudal Age
15:50 Castle Age
18:16 Horse Collar
19:01 Double-Bit Axe
19:28 Gold Mining
21:07 Wheelbarrow
23:22 Bow Saw
24:44 Hand Cart
26:08 Coinage
27:59 Husbandry
28:51 Scale Barding Armor
28:47 Scale Mail Armor
28:34 Elite Skirmisher
29:27 Guard Tower
31:08 Chain Barding Armor
31:04 Chain Mail Armor
31:00 Siphons
32:19 Stone Mining
33:05 Ballistics
34:45 Bloodlines
37:03 Stone Shaft Mining
36:43 Forging
36:24 Fletching
36:35 Padded Archer Armor
39:54 Imperial Age
37:58 Thumb Ring
38:47 Fortified Wall
39:44 Herbal Medicine
40:57 Murder Holes
42:05 Iron Casting
41:26 Bodkin Arrow
41:48 Leather Archer Armor
41:12 Light Cavalry
44:12 Blast Furnace
43:43 Plate Mail Armor
43:49 Plate Barding Armor
44:19 Chemistry
44:32 Two-Man Saw
43:56 Heavy Plow
43:31 Cavalier
44:59 Guilds
47:28 Paladin
51:24 Bombard Tower
50:50 Arrowslits
54:36 Pikeman
54:37 Man-at-Arms
Nikocado Avocado Chad
12:44 Feudal Age
14:48 Loom
14:58 Double-Bit Axe
14:58 Horse Collar
17:49 Wheelbarrow
18:11 Gold Mining
19:00 Town Watch
21:28 Wheelbarrow
24:09 Castle Age
23:20 Stone Mining
25:07 Heavy Plow
25:19 Bow Saw
25:33 Hand Cart
25:18 Town Patrol
27:03 Gold Shaft Mining
27:40 Elite Skirmisher
30:33 Padded Archer Armor
30:23 Fletching
32:02 Leather Archer Armor
33:14 Bodkin Arrow
34:31 Scale Mail Armor
34:41 Forging
33:58 Pikeman
35:27 Chain Mail Armor
35:26 Man-at-Arms
36:10 Squires
35:56 Arson
39:08 Imperial Age
37:16 Long Swordsman
40:09 Iron Casting
39:39 Scale Barding Armor
39:15 Halberdier
40:08 Capped Ram
41:19 Two-Handed Swordsman
43:35 Blast Furnace
43:33 Conscription
47:08 Elite Tarkan
49:18 Bloodlines
49:09 Husbandry
49:35 Chain Barding Armor
51:08 Two-Man Saw
51:33 Plate Barding Armor
Connection lost

Rejoining the realm…

Still unreachable

The connection could not be restored.

Session expired

The server has moved on; the page needs a fresh start.